Map: Pilares de oro EE

Players

MrFercho - Winner!

  • Race: Zerg Zerg
  • League: Gold
  • Spawn Location: 1:00

LucidChess

  • Race: Protoss Protoss
  • League: Gold
  • Spawn Location: 7:00

VOD

Have the link to the VOD?

Description

Time

  • Played on: July 21, 2020, 7:44 p.m.
  • Length: 9:55
Show
View Real Time Build Order
Export as new Build Order

MrFercho Zerg - Winner!

Build Orders: Hatch First 

Get SALT Encoding   

  12  0:02  Drone  
  13  0:12  Overlord  
  13  0:19  Drone  
  14  0:31  Drone x2  
  16  0:52  Hatchery  
  16  0:55  Drone  
  16  0:57  Drone  
  16  1:01  Drone  
  18  1:09  Extractor  
  17  1:19  Spawning Pool  
  17  1:22  Drone  
  17  1:26  Drone  
  17  1:29  Drone  
  19  1:46  Overlord  
  19  1:54  Drone  
  20  2:06  Queen  
  20  2:07  Queen  
  24  2:09  Zergling x4  
  24  2:11  Drone  
  27  2:16  Drone  
  27  2:18  Metabolic Boost  
  27  2:21  Drone  
  29  2:31  Drone  
  30  2:42  Drone x2  
  32  2:50  Queen  
  34  2:53  Drone x2  
  34  2:57  Lair  
  36  2:59  Overlord  
  36  3:19  Drone x4  
  40  3:29  Evolution Chamber  
  40  3:31  Baneling Nest  
  38  3:37  Drone x6  
  38  3:40  Extractor  
  43  3:43  Extractor  
  43  3:45  Overlord x2  
  42  4:10  Zerg Missile Weapons Level 1  
  42  4:12  Zergling x2  
  42  4:13  Zergling x12  
  48  4:43  Overseer  
  48  4:56  Drone  
  48  4:57  Drone x8  
  55  5:18  Spore Crawler  
  55  5:20  Spine Crawler  
  50  5:22  Spine Crawler  
  47  5:29  Queen  
  47  5:35  Zergling x20  
  54  5:51  Drone x5  
  55  6:36  Zergling x10  
  55  6:37  Overlord  
  60  6:45  Hydralisk Den  
  59  6:48  Drone  
  59  6:49  Extractor  
  59  7:04  Baneling x5  
  59  7:08  Spine Crawler  
  59  7:14  Zergling x10, Spore Crawler  
  54  7:23  Hydralisk  
  54  7:24  Hydralisk x3  
  57  7:34  Spine Crawler  
  43  7:46  Muscular Augments, Hydralisk x6  
  48  7:59  Hydralisk  
  48  8:00  Zergling x6  
  48  8:17  Hydralisk x5  
  46  8:35  Hydralisk x6  
  47  8:51  Hydralisk  
  47  8:52  Hydralisk  
  43  9:09  Drone  
  44  9:10  Drone  
  44  9:23  Hatchery  
Show
View Real Time Build Order
Export as new Build Order

LucidChess Protoss 

Build Orders:  

Get SALT Encoding   

  12  0:01  Probe  
  13  0:15  Pylon  
  13  0:20  Assimilator  
  13  0:22  Probe  
  14  0:30  Probe  
  15  0:39  Probe  
  16  0:46  Gateway  
  16  0:51  Probe  
  17  1:09  Probe  
  18  1:34  Cybernetics Core  
  18  1:36  Pylon  
  18  1:42  Forge  
  18  1:44  Zealot  
  20  1:48  Probe  
  21  2:02  Assimilator  
  21  2:06  Probe  
  22  2:15  Robotics Facility  
  22  2:24  Probe  
  22  2:29  Photon Cannon  
  23  2:34  Photon Cannon  
  23  2:40  Robotics Facility  
  23  2:45  Probe  
  24  2:57  Probe  
  25  3:07  Immortal  
  25  3:08  Probe  
  30  3:39  Pylon  
  30  3:47  Immortal, Warp Prism  
  36  4:08  Pylon  
  36  4:11  Pylon  
  36  5:09  Immortal x2  
  40  5:45  Immortal  
  40  5:48  Immortal  
  48  6:13  Immortal  
  38  6:22  Immortal  
  46  6:39  Protoss Ground Weapons Level 1  
  46  6:46  Warp Prism  
  48  7:02  Immortal  
  52  7:47  Immortal  
  52  8:12  Immortal  
  46  8:20  Immortal  
  42  8:52  Immortal  
  42  8:55  Immortal  
Tags
 
League
GoldGold
Matchup
PvZ
Replay Pack
MrFercho
Spawn Locations
Cross Positions
Add a new tag
Caveats
  • Supply blocks, unpowered buildings, or Contaminate may cause inaccurate times.
  • Supply counts are checked every 10 seconds.